 Dungeon Crawl Stone Soup version 0.19-a0-939-g86877d0 (webtiles) character file.

39445 Blunderbuss the Carver (level 13, -16/119 HPs)
             Began as a Minotaur Berserker on July 8, 2016.
             Was a High Priest of Trog.
             Demolished by a titanic slime creature (74 damage)
             ... on level 13 of the Dungeon.
             The game lasted 01:11:37 (14864 turns).

Blunderbuss the Carver (Minotaur Berserker)        Turns: 14864, Time: 01:11:37

Health: -16/119    AC: 36    Str: 33    XL:     13   Next: 69%
Magic:  14/14      EV: 16    Int:  5    God:    Trog [*****.]
Gold:   484        SH:  0    Dex: 17    Spells: 0 memorised, 12 levels left

rFire  . . .     SeeInvis .     b - +7 falchion (protect)
rCold  + . .     Gourm    .     g - +3 plate armour {rC+}
rNeg   + . .     Faith    .     (no shield)
rPois  .         Spirit   .     (helmet unavailable)
rElec  .         Dismiss  .     (no cloak)
rCorr  .         Reflect  .     v - +2 pair of gloves
SustAt .         Harm     .     B - +2 pair of boots {Fly}
MR     .....                    R - amulet of Hum Suw {+Rage Str+6 Dex+8}
Stlth  ..........               D - +3 ring of protection
                                S - ring of positive energy

@: flying, not resistant to hostile enchantments, extremely unstealthy
A: retaliatory headbutt, horns 3, yellow scales 1, shaggy fur 1
a: Berserk, Trog's Hand, Brothers in Arms, Burn Spellbooks, Renounce Religion,
Evoke Berserk Rage, Stop Flying


You were on level 13 of the Dungeon.
You worshipped Trog.
Trog was extremely pleased with you.
You were not hungry.

You visited 2 branches of the dungeon, and saw 17 of its levels.
You also visited: Bailey.

You collected 1556 gold pieces.
You spent 1072 gold pieces at shops.

Inventory:

Hand Weapons
 b - a +7 falchion of protection (weapon)
 I - a +2 scimitar of flaming
 N - a +5 lajatang of venom
 Q - a +2 falchion of electrocution
 T - the +2 quarterstaff of Morality {holy, rF+ rC- rN++ SInv}
   (Trog gifted it to you on level 13 of the Dungeon)

   It has been blessed by the Shining One to cause great damage to the undead
   and demons.
   It protects you from fire.
   It makes you vulnerable to cold.
   It greatly protects you from negative energy.
   It lets you see invisible.
Missiles
 o - 46 tomahawks of returning
 U - 2 poisoned tomahawks (quivered)
Armour
 g - a +3 plate armour of cold resistance (worn)
 v - a +2 pair of gloves (worn)
 B - a +2 pair of boots of flying (worn)
Jewellery
 a - an uncursed ring of ice
 d - an uncursed ring of ice
 t - an uncursed ring of magical power
 u - an uncursed amulet of dismissal
 x - an uncursed ring of flight
 D - a +3 ring of protection (right hand)
 P - an uncursed amulet of rage
 R - the amulet of Hum Suw (around neck) {+Rage Str+6 Dex+8}
   (You found it on level 8 of the Dungeon)

   [amulet of rage]

   It affects your strength (+6).
   It affects your dexterity (+8).
   It lets you go berserk.
 S - a ring of positive energy (left hand)
Wands
 e - a wand of flame (22/48)
 i - a wand of disintegration (15/24)
 l - a wand of flame (34/48)
 p - a wand of heal wounds (8/9)
 w - a wand of random effects (4/48)
 A - a wand of iceblast (1/15)
 C - a wand of random effects (40/48)
 K - a wand of acid (10/15)
 L - a wand of flame (24/48)
 M - a wand of digging (0/24)
Scrolls
 m - 14 scrolls of remove curse
 y - a scroll of vulnerability
 E - 3 scrolls of blinking
 J - 2 scrolls of magic mapping
 O - a scroll of holy word {unknown}
 V - a scroll of identify
Potions
 h - 5 potions of lignification
 j - 2 potions of ambrosia
 k - 2 potions of curing
 n - 3 potions of berserk rage
 q - 3 potions of agility
 r - 3 potions of resistance
 s - 2 potions of heal wounds
 z - 2 potions of magic
 F - 2 potions of cure mutation
 G - 2 potions of haste
Comestibles
 c - 10 bread rations
 f - 6 meat rations
 H - a royal jelly


   Skills:
 + Level 12.8 Fighting
 + Level 14.3 Long Blades
   Level 5.8 Maces & Flails
 + Level 7.2 Throwing
 + Level 11.5 Armour
 + Level 11.9 Dodging
 + Level 4.1 Stealth
 + Level 3.5 Evocations


You had 12 spell levels left.
You didn't know any spells.

Dungeon Overview and Level Annotations

Branches:
Dungeon (13/15)            Temple (0/1) D:4            Lair (4/6) D:10
  Swamp (0/4) Lair:3        Snake (0/4) Lair:2          Orc (0/2) D:10
 Vaults (0/5) D:13

Altars:
Cheibriados
Dithmenos
Fedhas
Makhleb
Nemelex Xobeh
Pakellas
Qazlal
Ru
Trog
Uskayaw
Vehumet
Xom
Yredelemnul
The Shining One

Shops:
D:5 %   D:9 *   D:10 [   D:13 *

Annotations:
D:13 1 runed door


Innate Abilities, Weirdness & Mutations

You reflexively headbutt those who attack you in melee.
You have a pair of large horns on your head.
You are partially covered in yellow scales. (AC +2)
You are covered in fur. (AC +1)


Message History

You headbutt the very large slime creature!!
The very large slime creature is almost dead.
Two slime creatures merge to form a titanic slime creature.
You barely miss the titanic slime creature.
You headbutt the titanic slime creature.
The titanic slime creature is heavily wounded.
You slash the titanic slime creature!
Your headbutt misses the titanic slime creature.
The titanic slime creature is severely wounded.
The titanic slime creature hits you!!!
You slash the titanic slime creature!
The titanic slime creature is severely wounded.
The titanic slime creature hits you!!
You slice the titanic slime creature!!
The titanic slime creature is severely wounded.
You slash the titanic slime creature!
The titanic slime creature is severely wounded.
The titanic slime creature hits you!!!!
Ouch! That really hurt!
You die...

##.....### ####..####
#####.##### ##.####
#......# #.....#
#......#######.....#
#......#...........######
#......#.#####.....#.....
#......#.# #.....#.####
#......#J# #.......#
#......#@## #.....###
#......'..# #.....#
#......##.####.....#
###................#
##.#'########..#####
#..#..# #......# #.)#..#
#.####.## # ###..##'#
#...<...# # #....#..#
#.......####


You could see a titanic slime creature.

Vanquished Creatures
  Nessos (D:12)
  Fannar (D:11)
  3 vault guards (D:13)
  Harold (Lair:1)
  A centaur warrior (D:8)
  Urug (D:10)
  Nergalle (Lair:2)
  4 unseen horrors
  3 hill giants
  An orc knight (Bailey)
  A cyclops (D:13)
  A deep elf mage (D:8)
  An ugly thing (D:13)
  A manticore (D:13)
  3 centaur zombies (D:13)
  2 black mambas
  The ghost of subsebi the Cleaver, a novice DsCK of Xom (D:5)
  4 komodo dragons
  7 spiny frogs
  3 kobold demonologists
  A freezing wraith (D:12)
  An efreet (D:13)
  3 polar bears (Lair:1)
  2 trolls
  2 two-headed ogres
  A slime creature (D:13)
  2 wyverns
  2 vampires
  A human (D:7)
  37 yaks
  A wraith (D:9)
  A hog (D:7)
  7 hippogriffs
  A basilisk (Lair:1)
  6 vampire mosquitoes
  A soldier ant (D:13)
  5 water moccasins
  Duvessa (D:6)
  8 porcupines
  9 ice beasts
  4 phantoms
  10 orc warriors
  4 sky beasts
  4 black bears
  2 wasps
  A necrophage (D:9)
  2 ogres (D:8)
  5 wolves (Lair:4)
  6 centaurs
  6 big kobolds
  5 crocodiles
  7 giant frogs
  A gnoll sergeant (D:8)
  Dowan (D:6)
  A wyvern zombie (D:5)
  5 scorpions
  16 killer bees
  9 wights
  3 howler monkeys
  7 crimson imps
  A wasp zombie (D:12)
  3 quasits
  A giant frog zombie (D:10)
  3 hounds
  3 orc priests
  2 jellies
  13 orc wizards
  A giant frog skeleton (D:5)
  4 worker ants
  4 iguanas
  8 sheep
  A hound zombie (D:8)
  A hound skeleton (D:6)
  7 gnolls (D:8)
  12 adders
  33 river rats
  An ooze (D:3)
  2 adder skeletons
  3 adder zombies
  A worm (D:3)
  2 dart slugs (D:2)
  7 giant geckos
  51 orcs
  3 bats
  A giant cockroach (D:7)
  13 goblins
  10 hobgoblins
  8 jackals
  44 kobolds
  8 quokkas
  5 giant newts
  8 rats
496 creatures vanquished.

Vanquished Creatures (collateral kills)
  A hydra (Lair:2)
  A vault guard (D:13)
  A catoblepas (Lair:4)
  An orc knight (Bailey)
  A hornet (D:8)
  A manticore (D:13)
  A centaur skeleton (D:13)
  A wolf (Lair:4)
  An iguana (Lair:2)
9 creatures vanquished.

Vanquished Creatures (others)
  An unseen horror (D:12)
  4 fungi (Lair:2)
  7 plants (D:10)
12 creatures vanquished.

Grand Total: 517 creatures vanquished

Notes
Turn   | Place    | Note
-------+----------+-------------------------------------------
     0 | D:1      | Blunderbuss the Minotaur Berserker began the quest for the Orb.
     0 | D:1      | Reached XP level 1. HP: 19/19 MP: 0/0
   180 | D:1      | Reached XP level 2. HP: 17/27 MP: 1/1
   514 | D:1      | Reached ** piety under Trog
   708 | D:2      | Reached XP level 3. HP: 31/33 MP: 2/2
   760 | D:2      | Found a snail-covered altar of Cheibriados.
  1162 | D:2      | Found a glowing golden altar of the Shining One.
  1171 | D:2      | Found a basalt altar of Yredelemnul.
  1284 | D:2      | Noticed an angel
  1369 | D:3      | Reached XP level 4. HP: 13/41 MP: 3/3
  1824 | D:3      | Reached skill level 1 in Stealth
  1902 | D:3      | Noticed a sky beast
  1916 | D:3      | Killed a sky beast
  1916 | D:3      | Reached skill level 5 in Maces & Flails
  1916 | D:3      | Reached XP level 5. HP: 9/47 MP: 4/4
  1923 | D:3      | Gained mutation: You are covered in fur. (AC +1) [potion of mutation]
  1923 | D:3      | Gained mutation: You are partially covered in yellow scales. (AC +2) [potion of mutation]
  1923 | D:3      | Gained mutation: You have a pair of large horns on your head. [potion of mutation]
  2785 | D:3      | Reached skill level 5 in Fighting
  2933 | D:3      | Reached *** piety under Trog
  3357 | D:4      | Found a blossoming altar of Fedhas.
  3405 | D:4      | Found a sacrificial altar of Ru.
  3495 | D:4      | Found a stormy altar of Qazlal.
  3537 | D:4      | Reached XP level 6. HP: 53/56 MP: 5/5
  3551 | D:4      | Found a staircase to the Ecumenical Temple.
  3794 | D:4      | Reached skill level 5 in Dodging
  4301 | D:5      | Entered Level 5 of the Dungeon
  4308 | D:5      | Found Moxte's Food Emporium.
  4313 | D:5      | Found a sparkling altar of Nemelex Xobeh.
  4330 | D:5      | Noticed subsebi's ghost (novice DsCK)
  4337 | D:5      | Killed subsebi's ghost
  4337 | D:5      | Reached skill level 1 in Long Blades
  4337 | D:5      | Reached XP level 7. HP: 18/61 MP: 6/6
  4705 | D:5      | Found an oddly glowing altar of Pakellas.
  4800 | D:5      | Reached skill level 1 in Evocations
  4901 | D:5      | Reached skill level 2 in Long Blades
  5078 | D:5      | Reached XP level 8. HP: 61/70 MP: 7/7
  5196 | D:6      | Noticed Duvessa
  5196 | D:6      | Noticed Dowan
  5210 | D:6      | Killed Duvessa
  5216 | D:6      | Killed Dowan
  5402 | D:6      | Reached skill level 3 in Long Blades
  5679 | D:7      | Reached skill level 4 in Long Blades
  5758 | D:7      | Found a shadowy altar of Dithmenos.
  6025 | D:7      | Reached **** piety under Trog
  6111 | D:7      | Found a shimmering altar of Xom.
  6226 | D:7      | Reached XP level 9. HP: 48/79 MP: 8/8
  6296 | D:7      | Found a radiant altar of Vehumet.
  6376 | D:7      | Reached skill level 5 in Long Blades
  6510 | D:8      | Received a gift from Trog
  6674 | D:8      | Noticed a deep elf mage
  6674 | D:8      | Noticed a hornet
  6772 | D:8      | Reached skill level 6 in Long Blades
  7165 | D:9      | Found a flagged portal.
  7181 | Bailey   | Entered a bailey
  7395 | Bailey   | Noticed an orc knight
  7404 | Bailey   | Killed an orc knight
  7404 | Bailey   | Reached skill level 1 in Throwing
  7463 | Bailey   | Noticed an orc knight
  7470 | Bailey   | Killed an orc knight
  7470 | Bailey   | Reached skill level 7 in Long Blades
  7470 | Bailey   | Reached XP level 10. HP: 88/88 MP: 10/10
  7475 | Bailey   | Reached skill level 5 in Armour
  7933 | D:9      | Reached skill level 10 in Dodging
  7993 | D:9      | Found Poawyxua's Assorted Antiques.
  8002 | D:9      | Bought a shiny plate armour for 667 gold pieces
  8029 | D:9      | Found a bloodstained altar of Trog.
  8425 | D:9      | Reached skill level 8 in Long Blades
  8528 | D:9      | Found a burning altar of Makhleb.
  8660 | D:10     | Entered Level 10 of the Dungeon
  8667 | D:10     | Reached ***** piety under Trog
  8851 | D:10     | Reached skill level 9 in Long Blades
  9023 | D:10     | Noticed Urug
  9037 | D:10     | Killed an unseen horror
  9045 | D:10     | Reached XP level 11. HP: 69/95 MP: 12/12
  9063 | D:10     | Killed Urug
  9149 | D:10     | Killed an unseen horror
  9222 | D:10     | Found Tese's Armour Boutique.
  9223 | D:10     | Found a staircase to the Orcish Mines.
  9257 | D:10     | Bought a +2 pair of boots of flying for 301 gold pieces
  9398 | D:10     | Received a gift from Trog
  9403 | D:10     | Found a staircase to the Lair.
  9585 | Lair:1   | Entered Level 1 of the Lair of Beasts
  9626 | Lair:1   | Reached skill level 10 in Long Blades
 10109 | Lair:1   | Noticed Harold
 10132 | Lair:1   | Killed Harold
 10132 | Lair:1   | Reached skill level 10 in Fighting
 10418 | Lair:1   | Received a gift from Trog
 10554 | Lair:2   | Received a gift from Trog
 10670 | Lair:2   | Reached skill level 11 in Long Blades
 10803 | Lair:2   | Noticed Nergalle
 10825 | Lair:2   | Killed Nergalle
 10825 | Lair:2   | Reached XP level 12. HP: 106/108 MP: 13/13
 10836 | Lair:2   | Found a staircase to the Snake Pit.
 10875 | Lair:2   | Noticed a four-headed hydra
 10879 | Lair:2   | Killed a four-headed hydra
 11303 | Lair:3   | Found a staircase to the Swamp.
 11971 | Lair:4   | Received a gift from Trog
 11993 | Lair:4   | Reached skill level 12 in Long Blades
 12072 | Lair:4   | Noticed a catoblepas
 12103 | Lair:4   | Killed a catoblepas
 12237 | Lair:4   | Reached skill level 10 in Armour
 12467 | D:8      | Noticed a centaur warrior
 12486 | D:8      | Killed a centaur warrior
 12504 | D:8      | Got a wavering crystal amulet
 12560 | D:10     | Identified the amulet of Hum Suw {+Rage Str+6 Dex+8} (You found it on level 8 of the Dungeon)
 12586 | D:11     | Noticed Fannar
 12605 | D:11     | Killed Fannar
 12605 | D:11     | Reached skill level 13 in Long Blades
 12898 | D:11     | Found a hide-covered altar of Uskayaw.
 13184 | D:11     | Received a gift from Trog
 13355 | D:12     | Noticed Nessos
 13376 | D:12     | Reached XP level 13. HP: 51/118 MP: 14/14
 13379 | D:12     | Killed Nessos
 13740 | D:12     | Reached skill level 5 in Throwing
 13906 | D:12     | Reached ****** piety under Trog
 14224 | D:13     | Found Uxulauss's General Store.
 14228 | D:13     | Received a gift from Trog
 14231 | D:13     | Got a crude quarterstaff {god gift}
 14238 | D:13     | Bought a scroll of identify for 22 gold pieces
 14238 | D:13     | Bought a scroll of enchant weapon for 82 gold pieces
 14241 | D:13     | Identified the +2 quarterstaff of Morality {holy, rF+ rC- rN++ SInv} (Trog gifted it to you on level 13 of the Dungeon)
 14265 | D:13     | Found a gate to the Vaults.
 14310 | D:13     | Reached skill level 14 in Long Blades
 14696 | D:13     | Found a runed door.
 14864 | D:13     | Demolished by a titanic slime creature

Vault maps used:
D:1:      lemuel_arrival_broad_hall, minmay_split_cup_small
D:2:      grunt_temple_overflow_holy_war, kennysheep_slug_shrine
D:4:      grunt_temple_overflow_forces_of_nature, first_bread,
          nicolae_ru_sacrificial_ziggurat
D:5:      grunt_pakellas_basics, overflow_temple_1_default, serial_shops,
          nicolae_shop_competitors_out_of_business
D:6:      uniq_duvessa
D:7:      minitemple, grunt_livestock, xom_teletrap_fun
D:8:      onia_ninara_dug_in_and_dangerous
D:9:      kennysheep_mini_moat, makhleb_grotto_becter, serial_shops, shop,
          enter_bailey_3
D:10:     david_lair_shrubbed, orc_david_3, uniq_urug
D:11:     lemuel_centaur_altar, uniq_fannar
D:12:     uniq_nessos
D:13:     lightli_vaults_fourway_checkpoint, serial_shops, shop, minivault_13
Lair:1:   beast_lair_carwin_large_2, lemuel_fruit_tree, uniq_harold
Lair:2:   dummy_snake_entry, uniq_nergalle
Lair:3:   swamp_mist, infiniplex_staircase_pool_2
Lair:4:   beast_lair_carwin_4
Bailey:   bailey_axe_1, bailey

Skill      XL: |  1  2  3  4  5  6  7  8  9 10 11 12 13 |
---------------+----------------------------------------+-----
Maces & Flails | 4 5 |  5.8
Fighting       | 4 5 7 8 10 12 | 12.8
Dodging        | 3 4 6 8 9 10 11 | 11.9
Stealth        | 1 2 3 4 |  4.1
Armour         | 3 4 5 8 10 11 | 11.5
Long Blades    | 1 2 4 7 9 11 13 14 | 14.3
Evocations     | 1 2 3 |  3.5
Throwing       | 2 4 7 |  7.2

Action                   |  1- 3 |  4- 6 |  7- 9 | 10-12 | 13-15 || total
-------------------------+-------+-------+-------+-------+-------++-------
Melee: Mace              |    84 |    45 |       |       |       ||   129
       Headbutt          |    15 |    11 |    61 |   190 |    88 ||   365
       Falchion          |       |    49 |   273 |   907 |   212 ||  1441
Throw: Tomahawk          |       |       |    31 |     9 |    67 ||   107
Invok: Berserk           |       |     2 |     2 |     1 |       ||     5
       Brothers in Arms  |       |       |     2 |     4 |     1 ||     7
       Burn Spellbooks   |       |       |     1 |     2 |       ||     3
 Abil: Evoke Flight      |       |       |     2 |       |       ||     2
Evoke: Wand              |       |     6 |     9 |     8 |       ||    23
  Use: Scroll            |     4 |     9 |     6 |    18 |     4 ||    41
       Potion            |       |     4 |       |     2 |     1 ||     7
 Stab: Sleeping          |     1 |       |     1 |       |       ||     2
       Distracted        |       |       |     1 |       |       ||     1
  Eat: Bread ration      |     1 |     1 |     1 |     1 |       ||     4
       Pizza             |     1 |       |     3 |     4 |       ||     8
       Meat ration       |       |     1 |       |       |       ||     1
       Beef jerky        |       |       |     3 |     1 |     3 ||     7
       Fruit             |       |       |       |    14 |       ||    14
Armor: Animal skin       |    15 |     4 |       |       |       ||    19
       Skin              |       |    34 |       |       |       ||    34
       Leather armour    |       |    28 |    81 |    28 |       ||   137
       Plate armour      |       |       |       |   458 |   150 ||   608
Dodge: Dodged            |    54 |    71 |   235 |   391 |   164 ||   915
